 Dungeon Crawl Stone Soup version 0.30-a0-739-gea05faddec (webtiles) character file.

Game seed: 10890927690413849597

242 Leeroy the Slasher (level 6, 0/30 HPs)
             Began as a Vine Stalker Warper on Feb 4, 2023.
             Slain by a gnoll
             ... wielding a +0 flail
              (4 damage)
             ... on level 2 of the Dungeon.
             The game lasted 00:02:55 (1550 turns).

Leeroy the Slasher (Vine Stalker Warper)            Turns: 1550, Time: 00:02:55

Health: 0/30       AC:  3    Str: 14    XL:     6   Next: 9%
Magic:  0/10       EV: 11    Int: 13    God:
Gold:   86         SH:  0    Dex: 15    Spells: 9/9 levels left

rFire   . . .      SeeInvis .    e - +1 dagger (speed)
rCold   . . .      Faith    .    (no shield)
rNeg    . . .      Spirit   +    b - +0 leather armour
rPois   .          Reflect  .    (no helmet)
rElec   .          Harm     .    (no cloak)
rCorr   .          Rampage  .    (no gloves)
Will    .....                    (no boots)
Stlth   +                        (no amulet)
HPRegen 1.05/turn                (no ring)
MPRegen 0.12/turn                (no ring)

@: no status effects
A: fangs 2, regeneration 1, magic shield, antimagic bite, no potion heal 2
a: no special abilities


You were on level 2 of the Dungeon.
You visited 1 branch of the dungeon, and saw 2 of its levels.

You collected 86 gold pieces.

Inventory:

Hand Weapons
 a - a +0 falchion
 e - a +1 dagger of speed (weapon)
Missiles
 d - 7 boomerangs of dispersal (quivered)
 h - a throwing net
Armour
 b - a +0 leather armour (worn)
Wands
 j - a wand of mindburst (7)
Scrolls
 c - a scroll of blinking
 f - a scroll of identify {unknown}
 g - a scroll of enchant armour {unknown}
 m - a scroll of amnesia {unknown}
Potions
 i - a potion of magic {unknown}
 k - a potion of curing
 l - a potion of degeneration {unknown}


   Skills:
 - Level 1.7 Fighting
 + Level 5.6 Long Blades
 - Level 0.8 Throwing
 - Level 0.7 Armour
 - Level 1.5 Dodging
 - Level 2.1 Spellcasting
 - Level 3.0 Translocations


You had 9 spell levels left.
You didn't know any spells.
Your spell library contained the following spells:

 Spells                   Type           Power      Damage    Failure   Level
 Apportation              Tloc           18%        N/A       10%         1
 Blink                    Tloc           18%        N/A       14%         2
 Lesser Beckoning         Tloc           18%        N/A       14%         2
 Teleport Other           Tloc           9%         N/A       28%         3
 Vhi's Electric Charge    Tloc/Air       10%        N/A       45%         3
 Manifold Assault         Tloc           9%         N/A       67%         4
 Alistair's Intoxication  Tmut/Pois      0%         N/A       100%        5


Dungeon Overview and Level Annotations

Branches:
Dungeon (2/15)

Altars:


Innate Abilities, Weirdness & Mutations

You have extremely sharp teeth.
Your natural rate of healing is unusually fast.
When hurt, damage is shared between your health and your magic reserves.
Your bite disrupts and absorbs the magic of your enemies.
Potions cannot restore your health.


Message History

The gnoll is almost dead.
The gnoll closely misses you.
You closely miss the gnoll. Your bite misses the gnoll.
The gnoll is almost dead.
You barely miss the gnoll. Your punch misses the gnoll.
You bite the gnoll, but do no damage.
The gnoll is almost dead.
The gnoll hits you with a +0 flail! The gnoll completely misses you.
You hit the gnoll but do no damage. Your bite misses the gnoll.
The gnoll is almost dead.
You barely miss the gnoll.
The gnoll is almost dead.
The gnoll hits you but does no damage. The gnoll barely misses you.
You hit the gnoll.
You kill the gnoll!
You hit the gnoll.
The gnoll is moderately wounded.
The gnoll hits you from afar with a +0 spear.
The gnoll hits you with a +0 flail!
You are too injured to fight recklessly!
You are too injured to fight recklessly!
You are too injured to fight recklessly!
You are too injured to fight recklessly!
You are too injured to fight recklessly!
You hit the gnoll.
The gnoll is heavily wounded.
You hit the gnoll. Your bite misses the gnoll.
The gnoll is severely wounded.
The gnoll hits you from afar with a +0 spear!
* * * LOW HITPOINT WARNING * * *
The gnoll hits you with a +0 flail.
* * * LOW HITPOINT WARNING * * *
You closely miss the gnoll.
The gnoll is severely wounded.
You hit the gnoll but do no damage.
The gnoll is severely wounded.
The gnoll hits you from afar with a +0 spear.
* * * LOW HITPOINT WARNING * * *
The gnoll hits you with a +0 flail!
You die...

#.......####............>#
#.#####.#......####.##.###
#.##.##.#..###.####.##.######
###P..#.†..# #...##.##.#.....
#PPb##...###.......#.#.###.
.P.##.......#####.#...###.
##.###..##.#.# #...#...#. ####
######........# #.#...#.#.
...###......####@#.# #.##..#.#.
#...##.###### #g)..#####.##......
#.#.....# #.g........##.#....
#...###.# #...######.##.#...#
#######.# #...# #..........##
##...#.# #...# #.###.#.#####
##.###..#######...###.###.#.#####
#.## ##.#........)..........)...#
..# #.................#.#.###..


You could see 2 gnolls.

Vanquished Creatures
  Sigmund (D:2)
  An adder (D:2)
  3 gnolls
  A worm (D:2)
  2 dart slugs
  4 ball pythons
  5 bats
  2 endoplasms
  2 goblins (D:2)
  7 hobgoblins
  4 kobolds (D:1)
  3 frilled lizards (D:1)
  7 rats
42 creatures vanquished.

Notes
Turn   | Place    | Note
-------+----------+-------------------------------------------
     0 | D:1      | Leeroy the Vine Stalker Warper began the quest for the Orb.
     0 | D:1      | Reached XP level 1. HP: 11/11 MP: 4/4
    21 | D:1      | Reached skill level 2 in Long Blades
   110 | D:1      | Reached XP level 2. HP: 15/15 MP: 6/6
   321 | D:1      | Reached skill level 3 in Long Blades
   474 | D:1      | Reached XP level 3. HP: 18/18 MP: 7/7
  1036 | D:2      | Gained mutation: Your natural rate of healing is unusually
                  | fast. [Vine Stalker growth]
  1036 | D:2      | Reached XP level 4. HP: 16/23 MP: 8/8
  1087 | D:2      | Found a faded altar of an unknown god.
  1089 | D:2      | Noticed Sigmund
  1282 | D:2      | Killed Sigmund
  1283 | D:2      | Reached skill level 5 in Long Blades
  1283 | D:2      | Reached XP level 5. HP: 20/26 MP: 9/9
  1283 | D:2      | Reached XP level 6. HP: 23/30 MP: 10/10
  1550 | D:2      | Slain by a gnoll

Illustrated notes

Levels and vault maps discovered:
D:1:      onia_arrival_pyramid, layout_loops_ring, palyth_stone_intersect,
          nrook_mini_backslash, chequers_jeans, serial_bayou_crossing
D:2:      layout_loops_cross, basic_altar, chequers_ecumenical_altar_simple,
          serial_aquarium, aquarium_bridge_straight [aquarium_subvault_bridge,
          aquarium_subvault_wall, aquarium_subvault_bridge,
          aquarium_subvault_wall], aquarium_window_1, aquarium_window_corner,
          aquarium_view_2b, aquarium_view_2e, grunt_ministairs_2, uniq_sigmund

Skill      XL: |  1  2  3  4 |
---------------+-------------+-----
Long Blades    | 2 3 5 |  5.6
Fighting       | |  1.7
Throwing       | |  0.8
Armour         | |  0.7
Dodging        | |  1.5
Spellcasting   | |  2.1
Translocations | |  3.0

Action                     |  1- 3 |  4- 6 || total
---------------------------+-------+-------++-------
  Melee: Falchion          |    29 |       ||    29
         Bite              |    21 |    16 ||    37
         Dagger            |    73 |    65 ||   138
         Punch             |     1 |     3 ||     4
   Stab: Sleeping          |     1 |     1 ||     2
 Armour: Leather armour    |    23 |    11 ||    34
  Dodge: Dodged            |    47 |    12 ||    59

Table legend: (Time is in decaauts)
 A = Elapsed time spent in this place.
 B = Non-inter-level travel time spent in this place.
 C = Inter-level travel time spent in this place.
 D = Time resting spent in this place.
 E = Time spent auto-exploring this place.
 F = Levels seen in this place.
 G = Mean time per level.
                   A        B        C        D        E       F      G
               +--------+--------+--------+--------+--------+-----+--------+
         Total |   1494 |   1432 |     62 |      3 |   1137 |   2 |  747.0 |
       Dungeon |   1494 |   1432 |     62 |      3 |   1137 |   2 |  747.0 |
               +--------+--------+--------+--------+--------+-----+--------+

Top non-repeatable levels by time:
     D:1: 965 daAuts
     D:2: 528 daAuts
